 Dungeon Crawl Stone Soup version 0.31-a0-246-g8cbcc1cb85 (webtiles) character file.

Game seed: 8863865855272041065

55449 qw the Marksgargoyle (level 14, -2/92 HPs)
             Began as a Gargoyle Hexslinger on July 12, 2023.
             Was a High Priest of Okawaru.
             Slain by a vault guard
             ... wielding a +0 great sword
              (17 damage)
             ... on level 13 of the Dungeon.
             The game lasted 00:08:26 (17436 turns).

qw the Marksgargoyle (Gargoyle Hexslinger)         Turns: 17436, Time: 00:08:27

Health: -2/92      AC: 24    Str:  7    XL:     14   Next: 77%
Magic:  20/21      EV: 22    Int: 15    God:    Okawaru [*****.]
Gold:   924        SH:  0    Dex: 21    Spells: 14/15 levels left

rFire   . . .        n - +5 longbow (heavy)
rCold   + . .        (shield currently unavailable)
rNeg    + . .        c - +1 steam dragon scales
rPois   inf          h - +2 hat {Stlth+}
rElec   +            v - +0 cloak {Stlth+}
rCorr   .            (no gloves)
SInv    +            w - +1 pair of boots
Will    +....        (no amulet)
Stlth   +++++        j - ring of see invisible
HPRegen 0.35/turn    f - ring "Haabo" {Wiz Contam Str-5 Dex+7}
MPRegen 0.17/turn

%: clarity, wizardry (x1)
@: about to teleport, heroic, flying
A: sickness immunity, AC +10, big wings, negative energy resistance 1,
electricity resistance, torment resistance 1, petrification resistance, clarity,
clumsy 1, cold resistance 1
a: Renounce Religion, Heroism, Finesse, Duel


You were on level 13 of the Dungeon.
You worshipped Okawaru.
Okawaru was extremely pleased with you.
You visited 3 branches of the dungeon, and saw 19 of its levels.

You collected 924 gold pieces.


Innate Abilities, Weirdness & Mutations

You are immune to sickness and miasma.
Your stone body is resilient. (AC +10)
You are immune to poison.
Your large and strong wings let you fly.
You resist negative energy. (rN+)
You are resistant to electric shocks. (rElec)
You are resistant to unholy torment.
You are immune to petrification.
You possess an exceptional clarity of mind.
You are clumsy. (Dex -2)
Your flesh is cold resistant. (rC+)


   Skills:
 - Level 12.0(17.0) Fighting
 + Level 18.3(23.3) Ranged Weapons
 - Level 6.0(11.0) Armour
 - Level 8.0(13.0) Dodging
 - Level 1.0 Spellcasting
 - Level 2.6 Hexes
 - Level 10.1 Invocations


You had 14 spell levels left.
You knew the following spells:

 Your Spells              Type           Power      Damage    Failure   Level
a - Slow                  Hex            32%        N/A       3%          1

Your spell library contained the following spells:

 Spells                   Type           Power      Damage    Failure   Level
 Inner Flame              Hex/Fire       4%         N/A       16%         3
 Portal Projectile        Hex/Tloc       8%         N/A       16%         3
 Cause Fear               Hex            4%         N/A       32%         4

Inventory:

Hand Weapons
 n - a +5 heavy longbow (weapon)
Armour
 c - +1 steam dragon scales (worn)
 h - a +2 hat of stealth (worn)
 v - a +0 cloak of stealth (worn)
 w - a +1 pair of boots (worn)
Jewellery
 a - a ring of fire
 f - the ring "Haabo" (right hand) {Wiz Contam Str-5 Dex+7}
   (You found it on level 2 of the Dungeon)

   [ring of wizardry]

   It improves your spell success rate.
   Str:       It affects your strength (-5).
   Dex:       It affects your dexterity (+7).
   Contam:    It causes magical contamination when unequipped.
 j - a ring of see invisible (left hand)
 o - the amulet of Elemental Vulnerability {rPois rF-- rC-- AC+8}
   (You found it on level 12 of the Dungeon)

   [amulet of nothing]

   AC:        It affects your AC (+8).
   rF:        It makes you very vulnerable to fire.
   rC:        It makes you very vulnerable to cold.
   rPois:     It protects you from poison.
 u - a +6 ring of strength
 Y - a ring of protection from cold
Wands
 s - a wand of digging (3)
Scrolls
 i - 2 scrolls of identify
 p - 2 scrolls of teleportation
 t - 2 scrolls of brand weapon
Potions
 b - 3 potions of cancellation
 d - a potion of magic
 e - a potion of might
 g - 2 potions of resistance
 k - 5 potions of curing
 l - 3 potions of enlightenment
 m - 5 potions of mutation
 q - a potion of haste
 r - a potion of heal wounds

Dungeon Overview and Level Annotations

Branches:
Dungeon (13/15)            Temple (1/1) D:5            Lair (5/5) D:9
  Swamp (0/4) Lair:2        Snake (0/4) Lair:2        Slime (0/5) Lair:5
    Orc (0/2) D:12         Vaults (0/5) D:13

Altars:
Ashenzari
Cheibriados
Dithmenos
Elyvilon
Fedhas
Gozag
Hepliaklqana
Kikubaaqudgha
Makhleb
Nemelex Xobeh
Okawaru
Qazlal
Ru
Sif Muna
Trog
Uskayaw
Vehumet
Wu Jian
Xom
Yredelemnul
Zin
The Shining One
Jiyva
Lugonu

Shops:
D:3 ?   D:9 *

Portals:
Abyss: Lair:5
Trove: D:12 (give +3 storm dragon scales)

Annotations:
D:5 3 runed translucent doors, qw's ghost, novice GrFi
D:8 3 runed translucent doors, qw's ghost, journeyman MiHs
D:12 2 transporters, squishfish's ghost, journeyman TrMo
Lair:5 3 runed translucent doors, qw's ghost, journeyman NaHu


Message History

The vault guard hits you but does no damage.
The vampire mosquito completely misses you.
You shoot an arrow. The vault guard blocks the arrow.
The vampire mosquito barely misses you.
The tengu warrior hits you with a +2 war axe!
The tengu warrior completely misses you.
The tengu warrior barely misses you.
The vault guard hits you but does no damage. x2
You shoot an arrow. The vault guard blocks the arrow.
The tengu warrior misses you.
The tengu warrior pecks you but does no damage.
The tengu warrior claws you. The vault guard closely misses you.
The vault guard misses you.
You shoot an arrow.
The arrow hits the vault guard but does no damage.
The vault guard is moderately wounded.
The tengu warrior hits you with a +2 war axe.
The tengu warrior barely misses you. The tengu warrior closely misses you.
The vault guard misses you.
The vault guard hits you with a +0 great sword!
The vault guard misses you.
You shoot an arrow.
The arrow closely misses the vault guard.
The arrow hits the slime creature!!
The slime creature is heavily wounded.
The tengu warrior hits you but does no damage.
The tengu warrior closely misses you.
The tengu warrior claws you but does no damage.
The vault guard barely misses you.
The vault guard hits you but does no damage.
The vault guard hits you with a +0 great sword!
17436 ||| READING 3 scrolls of teleportation.
As you read the scroll of teleportation, it crumbles to dust.
You feel strangely unstable.
The tengu warrior hits you but does no damage.
The tengu warrior closely misses you.
The tengu warrior completely misses you.
The vault guard misses you. The vault guard barely misses you.
The vault guard hits you with a +0 great sword!
You die... #.#...#.# .......# .c.\... p.... # #D..#.# oCD.

##J## ##pc.##
##@Qy..##
...##.pp....##..
................
#######.######.#
#..# . #.##
#######.#######
#..............
#.##..########.


You could see 3 vault guards, a slime creature, a tengu warrior, a centaur
warrior, a cyclops, an acid dragon and a vampire mosquito.

Vanquished Creatures
  Gastronok (D:9)
  Fannar (D:10)
  Harold (D:10)
  A vault guard (D:13)
  4 hydras
  Erica (D:8)
  A catoblepas (Lair:3)
  4 two-headed ogres
  A boulder beetle (D:12)
  4 thrashing horrors (Lair:5)
  A skyshark (Lair:4)
  A deep elf pyromancer (D:12)
  2 ugly things
  4 manticores
  2 cyclopes
  14 elephants
  Maurice (D:8)
  4 black mambas
  2 gargoyles
  Joseph (D:8)
  5 smoke demons (Lair:5)
  12 cane toads
  An unseen horror (D:12)
  A rime drake (Lair:5)
  5 komodo dragons
  Maggie (D:9)
  A polar bear (Lair:3)
  An ancient zyme (Lair:5)
  5 trolls
  4 dream sheep (Lair:5)
  Prince Ribbit (D:5)
  28 blink frogs
  Grinder (D:3)
  Sigmund (D:4)
  2 spriggans (Lair:5)
  4 wyverns
  3 shadows
  2 vampires
  A ynoxinul (Lair:5)
  39 yaks
  Eustachio (D:6)
  2 chaos spawn (Lair:5)
  7 basilisks
  2 steam dragons
  2 vampire mosquitoes (D:11)
  Menkaure (D:4)
  10 small abominations (Lair:5)
  2 acid dragons
  3 nagas (Lair:2)
  11 water moccasins
  A swamp drake (Lair:2)
  4 ice beasts
  2 sky beasts (D:7)
  6 orc warriors
  A black bear (D:8)
  2 ogres
  11 wolves
  2 centaurs
  A kobold brigand (D:11)
  A phantom (D:7)
  18 bullfrogs
  3 scorpions
  5 wights (D:7)
  9 killer bees
  3 electric eels
  3 howler monkeys
  4 hounds
  A gnoll bouda (D:6)
  3 jellies
  5 orc priests
  2 sleepcaps
  Jessica (D:3)
  4 iguanas
  Ijyb (D:4)
  Natasha (D:3)
  8 orc wizards
  3 gnolls (D:6)
  10 adders
  A shadow imp (D:6)
  3 white imps
  An ufetubus (D:6)
  2 worms (D:3)
  A dart slug (D:3)
  76 orcs
  7 endoplasms
  3 giant cockroaches
  9 goblins
  7 hobgoblins
  9 jackals
  6 quokkas
  3 ball pythons
  4 bats
  2 frilled lizards (D:2)
  8 kobolds
  7 rats
474 creatures vanquished.

Vanquished Creatures (others)
  A human (D:9)
  An iguana (Lair:2)
2 creatures vanquished.

Grand Total: 476 creatures vanquished

Notes
Turn   | Place    | Note
-------+----------+-------------------------------------------
     0 | D:1      | qw the Gargoyle Hexslinger began the quest for the Orb.
     0 | D:1      | Reached XP level 1. HP: 12/12 MP: 2/2
     0 | D:1      | 0 ||| qw: Version: 0.3-a-52-g30416fa
     0 | D:1      | 0 ||| qw: Game counter: 6348
     0 | D:1      | 0 ||| qw: Melee chars always use a shield: true
     0 | D:1      | 0 ||| qw: God list: Okawaru
     0 | D:1      | 0 ||| qw: Allow faded altars: false
     0 | D:1      | 0 ||| qw: Do Orc after clearing Dungeon:15 true
     0 | D:1      | 0 ||| qw: Do second Lair branch before Depths: true
     0 | D:1      | 0 ||| qw: Lair rune preference: random
     0 | D:1      | 0 ||| qw: Goals: Normal
     0 | D:1      | 0 ||| PLANNING D:1-11
   104 | D:1      | Reached XP level 2. HP: 16/16 MP: 3/3
   408 | D:1      | Reached skill level 3 in Ranged Weapons
   759 | D:1      | 759 ||| UPGRADING to +0 ring mail.
   769 | D:1      | 769 ||| DROPPING +0 robe.
   770 | D:1      | 770 ||| DROPPING ring of wizardry.
   771 | D:1      | 771 ||| UPGRADING to ring of see invisible.
   772 | D:1      | 772 ||| READING scroll labelled KUJYDACSICS.
   773 | D:1      | 773 ||| READING scroll labelled KAOJAI LUEJIOL.
   774 | D:1      | 774 ||| READING scroll labelled XYLECEYS BOGAI.
   775 | D:1      | 775 ||| READING scroll labelled HOSHUI ULUVUG.
   776 | D:1      | 776 ||| READING scroll labelled WUOROS ELYSK.
   777 | D:1      | 777 ||| DROPPING scroll of poison.
   851 | D:2      | 851 ||| READING scroll of enchant weapon.
   851 | D:2      | 851 ||| ENCHANTING +2 sling.
   922 | D:2      | Reached XP level 3. HP: 21/21 MP: 4/4
   933 | D:2      | Identified the ring "Haabo" {Wiz Contam Str-5 Dex+7}
   951 | D:2      | 951 ||| Stepping ~*~*~tactically~*~*~ (water).
  1032 | D:2      | 1032 ||| READING 2 scrolls of enchant weapon.
  1032 | D:2      | 1032 ||| ENCHANTING +3 sling.
  1033 | D:2      | 1033 ||| READING scroll of enchant weapon.
  1033 | D:2      | 1033 ||| ENCHANTING +4 sling.
  1198 | D:2      | Reached XP level 4. HP: 25/26 MP: 5/5
  1216 | D:2      | Reached skill level 4 in Ranged Weapons
  1351 | D:2      | 1351 ||| UPGRADING to ring "Haabo" {Wiz Contam Str-5
                  | Dex+7}.
  1352 | D:2      | 1352 ||| READING 2 scrolls labelled TAH LOTHU FETEZ.
  1353 | D:2      | 1353 ||| READING scroll labelled RIRAOP TUV GUCVY.
  1358 | D:2      | 1358 ||| READING scroll labelled TUPHEH AMOEBBAM.
  1359 | D:2      | 1359 ||| READING scroll labelled TIPPAG KALE.
  1360 | D:2      | 1360 ||| DRINKING 2 brown potions.
  1361 | D:2      | 1361 ||| DROPPING scroll of revelation.
  1412 | D:3      | Found Caapsaon's Magic Scroll Boutique.
  1418 | D:3      | 1418 ||| SHOPLISTING scroll of enchant weapon (90 gold,
                  | have 71).
  1427 | D:3      | Reached skill level 1 in Armour
  1547 | D:3      | Noticed Grinder
  1551 | D:3      | Paralysed by Grinder for 2 turns
  1554 | D:3      | Killed Grinder
  1555 | D:3      | Reached skill level 5 in Ranged Weapons
  1555 | D:3      | Reached XP level 5. HP: 11/30 MP: 6/6
  1555 | D:3      | Reached XP level 6. HP: 13/35 MP: 7/7
  1645 | D:3      | Found a faded altar of an unknown god.
  1774 | D:3      | Found a basalt altar of Yredelemnul.
  1963 | D:3      | Found a broken altar of Ashenzari.
  2026 | D:3      | Noticed Jessica
  2033 | D:3      | Killed Jessica
  2157 | D:3      | Noticed Natasha
  2160 | D:3      | 2160 ||| FLEEEEING.
  2161 | D:3      | 2161 ||| FLEEEEING.
  2162 | D:3      | 2162 ||| FLEEEEING.
  2166 | D:3      | 2166 ||| FLEEEEING.
  2167 | D:3      | 2167 ||| FLEEEEING.
  2168 | D:3      | 2168 ||| FLEEEEING.
  2169 | D:3      | Killed Natasha
  2170 | D:3      | Reached skill level 3 in Fighting
  2209 | D:3      | Identified the +5 sling of the Warrior {freeze, rCorr}
  2211 | D:3      | 2211 ||| SWAPPING to +5 sling of the Warrior {freeze,
                  | rCorr}.
  2212 | D:3      | 2212 ||| DROPPING +5 sling.
  2230 | D:3      | 2230 ||| DRINKING 2 grey potions.
  2230 | D:3      | Gained mutation: Your flesh is cold resistant. (rC+)
                  | [potion of mutation]
  2230 | D:3      | Gained mutation: You are clumsy. (Dex -2) [potion of
                  | mutation]
  2230 | D:3      | Gained mutation: You possess an exceptional clarity of
                  | mind. [potion of mutation]
  2231 | D:3      | 2231 ||| READING 2 scrolls of identify.
  2231 | D:3      | 2231 ||| IDENTIFYING bubbling dark potion
  2232 | D:3      | 2232 ||| DROPPING potion of brilliance.
  2257 | D:4      | Reached skill level 6 in Ranged Weapons
  2258 | D:4      | Noticed Ijyb
  2264 | D:4      | Paralysed by Ijyb for 4 turns
  2269 | D:4      | Killed Ijyb
  2270 | D:4      | Reached XP level 7. HP: 41/41 MP: 8/8
  2320 | D:4      | 2320 ||| DRINKING 2 sapphire potions.
  2339 | D:4      | 2339 ||| DROPPING potion of lignification.
  2634 | D:4      | Found a hazy altar of Hepliaklqana.
  2704 | D:4      | Reached skill level 7 in Ranged Weapons
  2738 | D:4      | Noticed Sigmund
  2747 | D:4      | Killed Sigmund
  2802 | D:4      | Found a sparkling altar of Nemelex Xobeh.
  2948 | D:4      | Noticed Menkaure
  2953 | D:4      | Killed Menkaure
  2954 | D:4      | Reached skill level 8 in Ranged Weapons
  2954 | D:4      | Reached XP level 8. HP: 47/48 MP: 9/9
  3015 | D:4      | 3015 ||| UPGRADING to +2 robe.
  3025 | D:4      | 3025 ||| DROPPING +0 ring mail.
  3026 | D:4      | 3026 ||| READING scroll labelled WULI NA EHU.
  3063 | D:5      | Entered Level 5 of the Dungeon
  3105 | D:5      | 3105 ||| FLEEEEING.
  3106 | D:5      | 3106 ||| FLEEEEING.
  3107 | D:5      | 3107 ||| FLEEEEING.
  3108 | D:5      | 3108 ||| FLEEEEING.
  3109 | D:5      | 3109 ||| FLEEEEING.
  3120 | D:5      | 3120 ||| FLEEEEING.
  3121 | D:5      | 3121 ||| FLEEEEING.
  3127 | D:5      | 3127 ||| STAIRDANCE
  3413 | D:5      | 3413 ||| Stepping ~*~*~tactically~*~*~ (outnumbered).
  3415 | D:5      | 3415 ||| Stepping ~*~*~tactically~*~*~ (outnumbered).
  3416 | D:5      | 3416 ||| Stepping ~*~*~tactically~*~*~ (outnumbered).
  3418 | D:5      | 3418 ||| Stepping ~*~*~tactically~*~*~ (outnumbered).
  3444 | D:5      | Identified the +8 rapier of Terror {flame, *Noise rF+ Str+3
                  | SInv}
  3498 | D:5      | Found a staircase to the Ecumenical Temple.
  3499 | D:5      | 3499 ||| PLANNING TEMPLE
  3501 | D:5      | 3501 ||| DRINKING 2 black potions.
  3502 | D:5      | 3502 ||| READING 2 scrolls of identify.
  3502 | D:5      | 3502 ||| IDENTIFYING bubbling black potion
  3514 | Temple   | Entered the Ecumenical Temple
  3515 | Temple   | 3515 ||| PLANNING OKAWARU WORSHIP
  3682 | Temple   | Became a worshipper of Warmaster Okawaru
  3683 | Temple   | 3683 ||| PLANNING D:1-11
  3767 | D:5      | Noticed Prince Ribbit
  3773 | D:5      | 3773 ||| FLEEEEING.
  3774 | D:5      | 3774 ||| FLEEEEING.
  3775 | D:5      | 3775 ||| FLEEEEING.
  3779 | D:5      | 3779 ||| FLEEEEING.
  3782 | D:5      | Killed Prince Ribbit
  4131 | D:5      | Found a runed translucent gate.
  4131 | D:5      | Found a runed translucent gate.
  4131 | D:5      | Found a runed translucent gate.
  4148 | D:5      | Noticed qw's ghost (novice GrFi)
  4246 | D:5      | Reached * piety under Okawaru
  4247 | D:5      | Reached skill level 9 in Ranged Weapons
  4309 | D:5      | Reached skill level 1 in Invocations
  4395 | D:5      | 4395 ||| READING scroll labelled GINIORUNGE.
  4438 | D:6      | 4438 ||| STAIRDANCE
  4441 | D:5      | 4441 ||| INVOKING Heroism.
  4723 | D:6      | 4723 ||| INVOKING Heroism.
  4729 | D:6      | Reached skill level 3 in Dodging
  4729 | D:6      | Reached XP level 9. HP: 55/55 MP: 7/11
  4740 | D:6      | Reached skill level 3 in Invocations
  4770 | D:6      | 4770 ||| INVOKING Heroism.
  4774 | D:6      | Reached skill level 6 in Fighting
  4945 | D:6      | 4945 ||| INVOKING Heroism.
  5013 | D:6      | Noticed Eustachio
  5014 | D:6      | 5014 ||| INVOKING Heroism.
  5022 | D:6      | Killed Eustachio
  5101 | D:6      | Found an ornate altar of the Wu Jian Council.
  5348 | D:6      | 5348 ||| DROPPING +6 ring of intelligence.
  5349 | D:6      | 5349 ||| READING scroll labelled FIACKE HEOPH.
  5350 | D:6      | 5350 ||| READING scroll labelled JUETWOQASES.
  5368 | D:7      | Found a shimmering altar of Xom.
  5393 | D:7      | Found a shimmering altar of Xom.
  5394 | D:7      | Found a shimmering altar of Xom.
  5452 | D:7      | Reached skill level 10 in Ranged Weapons
  5559 | D:7      | Reached ** piety under Okawaru
  5580 | D:7      | Noticed a troll
  5581 | D:7      | 5581 ||| INVOKING Heroism.
  5591 | D:7      | Killed a troll
  5645 | D:7      | 5645 ||| INVOKING Heroism.
  5715 | D:7      | 5715 ||| INVOKING Heroism.
  5720 | D:7      | Reached skill level 11 in Ranged Weapons
  5726 | D:7      | Reached XP level 10. HP: 55/63 MP: 11/13
  6014 | D:7      | Found a shimmering altar of Xom.
  6069 | D:7      | 6069 ||| INVOKING Heroism.
  6187 | D:7      | 6187 ||| DRINKING 2 fizzy yellow potions.
  6188 | D:7      | 6188 ||| DRINKING 4 potions of curing.
  6188 | D:7      | 6188 ||| (to cure confusion)
  6189 | D:7      | 6189 ||| DRINKING 2 silvery potions.
  6190 | D:7      | 6190 ||| DROPPING potion of ambrosia.
  6315 | D:8      | Found a glowing golden altar of the Shining One.
  6333 | D:8      | 6333 ||| INVOKING Heroism.
  6350 | D:8      | Noticed Joseph
  6354 | D:8      | 6354 ||| FLEEEEING.
  6359 | D:8      | 6359 ||| FLEEEEING.
  6360 | D:8      | 6360 ||| FLEEEEING.
  6361 | D:8      | 6361 ||| FLEEEEING.
  6367 | D:8      | 6367 ||| STAIRDANCE
  6480 | D:7      | 6480 ||| READING scroll labelled VYOJAD SOYH.
  6527 | D:8      | 6527 ||| STAIRDANCE
  6571 | D:8      | 6571 ||| STAIRDANCE
  6605 | D:8      | 6605 ||| STAIRDANCE
  6651 | D:8      | 6651 ||| STAIRDANCE
  6691 | D:8      | 6691 ||| STAIRDANCE
  6801 | D:8      | 6801 ||| INVOKING Heroism.
  6951 | D:8      | Identified the +4 hand axe of the Egg {heavy, rC+ Will-
                  | Int+2 Dex+3}
  6988 | D:8      | Noticed Erica
  6989 | D:8      | 6989 ||| INVOKING Heroism.
  6993 | D:8      | Noticed Maurice
  6994 | D:8      | 6994 ||| Stepping ~*~*~tactically~*~*~ (outnumbered).
  7001 | D:8      | Killed Erica
  7017 | D:8      | Killed Maurice
  7018 | D:8      | Reached skill level 12 in Ranged Weapons
  7085 | D:8      | Found a runed translucent gate.
  7086 | D:8      | Found a runed translucent gate.
  7088 | D:8      | Found an opulent altar of Gozag.
  7088 | D:8      | Found a runed translucent gate.
  7089 | D:8      | Noticed qw's ghost (journeyman MiHs)
  7129 | D:8      | 7129 ||| FLEEEEING.
  7130 | D:8      | 7130 ||| FLEEEEING.
  7153 | D:8      | Killed Joseph
  7153 | D:8      | Reached *** piety under Okawaru
  7520 | D:8      | 7520 ||| UPGRADING to +0 cloak of stealth.
  7525 | D:8      | 7525 ||| READING scroll labelled IRGHANK AMYEGIA.
  7526 | D:8      | 7526 ||| DRINKING 2 white potions.
  7527 | D:8      | 7527 ||| DRINKING 2 bubbling red potions.
  7528 | D:8      | 7528 ||| DRINKING 2 blue potions.
  7529 | D:8      | 7529 ||| DRINKING 2 amethyst potions.
  7530 | D:8      | 7530 ||| READING 3 scrolls of identify.
  7530 | D:8      | 7530 ||| IDENTIFYING murky ruby potion
  7531 | D:8      | 7531 ||| READING 2 scrolls of identify.
  7531 | D:8      | 7531 ||| IDENTIFYING sedimented red potion
  7532 | D:8      | 7532 ||| DROPPING potion of berserk rage.
  7533 | D:8      | 7533 ||| DROPPING potion of attraction.
  7534 | D:8      | 7534 ||| DROPPING potion of degeneration.
  7560 | D:9      | 7560 ||| INVOKING Heroism.
  7562 | D:9      | 7562 ||| STAIRDANCE
  7569 | D:8      | HP: 14/64 [yak (5)]
  7570 | D:8      | 7570 ||| DRINKING potion of heal wounds.
  7572 | D:8      | 7572 ||| INVOKING Heroism.
  7576 | D:8      | Reached skill level 13 in Ranged Weapons
  7579 | D:8      | HP: 15/64 [yak (2)]
  7594 | D:8      | 7594 ||| INVOKING Heroism.
  7768 | D:9      | Reached XP level 11. HP: 69/69 MP: 14/14
  7775 | D:9      | 7775 ||| STAIRDANCE
  7778 | D:8      | 7778 ||| INVOKING Heroism.
  7780 | D:8      | Reached skill level 9 in Fighting
  7782 | D:8      | HP: 16/71 [wyvern (13)]
  7789 | D:8      | HP: 12/71 [yak (2)]
  7997 | D:9      | 7997 ||| STAIRDANCE
  8000 | D:8      | 8000 ||| INVOKING Heroism.
  8203 | D:9      | Noticed a two-headed ogre
  8204 | D:9      | 8204 ||| INVOKING Heroism.
  8211 | D:9      | Killed a two-headed ogre
  8316 | D:9      | 8316 ||| INVOKING Heroism.
  8333 | D:9      | Found a staircase to the Lair.
  8338 | D:9      | 8338 ||| INVOKING Heroism.
  8446 | D:9      | Noticed Maggie
  8456 | D:9      | Killed Maggie
  8477 | D:9      | Noticed Gastronok
  8478 | D:9      | 8478 ||| INVOKING Heroism.
  8497 | D:9      | Killed Gastronok
  8498 | D:9      | Reached skill level 14 in Ranged Weapons
  8543 | D:9      | Reached **** piety under Okawaru
  8635 | D:9      | Found Ciottae's Serpentskin Sales.
  8705 | D:9      | 8705 ||| INVOKING Heroism.
  8742 | D:9      | 8742 ||| INVOKING Heroism.
  8973 | D:9      | Found an ancient bone altar of Kikubaaqudgha.
  8975 | D:9      | 8975 ||| PLANNING LAIR
  8975 | D:9      | 8975 ||| UPGRADING to +0 steam dragon scales.
  8985 | D:9      | 8985 ||| UPGRADING to +2 hat of stealth.
  8990 | D:9      | 8990 ||| DROPPING +2 robe.
  9023 | Lair:1   | Entered Level 1 of the Lair of Beasts
  9041 | Lair:1   | 9041 ||| INVOKING Heroism.
  9085 | Lair:1   | 9085 ||| INVOKING Heroism.
  9086 | Lair:1   | 9086 ||| Stepping ~*~*~tactically~*~*~ (outnumbered).
  9091 | Lair:1   | Reached skill level 3 in Armour
  9125 | Lair:1   | 9125 ||| INVOKING Heroism.
  9205 | Lair:1   | 9205 ||| INVOKING Heroism.
  9210 | Lair:1   | Received a gift from Okawaru
  9222 | Lair:1   | Reached XP level 12. HP: 77/77 MP: 14/16
  9230 | Lair:1   | Reached skill level 6 in Invocations
  9266 | Lair:1   | 9266 ||| INVOKING Heroism.
  9268 | Lair:1   | Reached skill level 6 in Dodging
  9530 | Lair:1   | 9530 ||| INVOKING Heroism.
  9622 | Lair:1   | 9622 ||| INVOKING Heroism.
 10055 | Lair:2   | 10055 ||| STAIRDANCE
 10061 | Lair:1   | 10061 ||| INVOKING Heroism.
 10174 | Lair:2   | 10174 ||| STAIRDANCE
 10178 | Lair:1   | 10178 ||| INVOKING Heroism.
 10269 | Lair:2   | You fall into a shaft and drop 2 floors!
 10270 | Lair:4   | 10270 ||| INVOKING Heroism.
 10490 | Lair:3   | 10490 ||| INVOKING Heroism.
 10659 | Lair:2   | 10659 ||| READING scroll of enchant armour.
 10659 | Lair:2   | 10659 ||| ENCHANTING +0 steam dragon scales.
 10687 | Lair:2   | Found a staircase to the Swamp.
 10725 | Lair:2   | Reached ***** piety under Okawaru
 10726 | Lair:2   | Reached skill level 9 in Invocations
 10737 | Lair:2   | 10737 ||| FLEEEEING.
 10751 | Lair:2   | 10751 ||| INVOKING Heroism.
 10861 | Lair:2   | 10861 ||| FLEEEEING.
 10862 | Lair:2   | 10862 ||| FLEEEEING.
 10863 | Lair:2   | 10863 ||| FLEEEEING.
 10864 | Lair:2   | 10864 ||| FLEEEEING.
 10865 | Lair:2   | 10865 ||| FLEEEEING.
 10866 | Lair:2   | 10866 ||| FLEEEEING.
 11154 | Lair:2   | Found a staircase to the Snake Pit.
 11247 | Lair:2   | Noticed an eight-headed hydra
 11248 | Lair:2   | 11248 ||| INVOKING Heroism.
 11256 | Lair:2   | Killed an eight-headed hydra
 11386 | Lair:2   | 11386 ||| INVOKING Heroism.
 11420 | Lair:2   | 11420 ||| INVOKING Heroism.
 11498 | Lair:2   | Noticed a seven-headed hydra
 11499 | Lair:2   | 11499 ||| INVOKING Heroism.
 11505 | Lair:2   | Killed a seven-headed hydra
 11506 | Lair:2   | Reached XP level 13. HP: 84/84 MP: 17/20
 11935 | Lair:3   | Reached skill level 12 in Fighting
 12030 | Lair:3   | 12030 ||| INVOKING Heroism.
 12056 | Lair:3   | Identified the +7 orcbow "Giant's Curse" {flame, SInv}
                  | (Okawaru gifted it to you on level 3 of the Lair of Beasts)
 12056 | Lair:3   | Received a gift from Okawaru
 12058 | Lair:3   | 12058 ||| SWAPPING to +7 orcbow "Giant's Curse" {flame,
                  | SInv}.
 12059 | Lair:3   | 12059 ||| REMOVING ring of see invisible.
 12060 | Lair:3   | 12060 ||| DROPPING +5 sling of the Warrior {freeze, rCorr}.
 12161 | Lair:3   | 12161 ||| INVOKING Heroism.
 12162 | Lair:3   | 12162 ||| INVOKING Finesse.
 12387 | Lair:3   | 12387 ||| INVOKING Heroism.
 12658 | Lair:3   | 12658 ||| DROPPING amulet of magic regeneration.
 12659 | Lair:3   | 12659 ||| UPGRADING to ring of protection from cold.
 13007 | Lair:4   | Reached skill level 15 in Ranged Weapons
 13586 | Lair:4   | 13586 ||| READING scroll labelled CUHIACR QUEL.
 13586 | Lair:4   | Identified a scroll of acquirement
 13586 | Lair:4   | 13586 ||| ACQUIRING +2 heavy longbow
 13586 | Lair:4   | Acquired a +2 heavy longbow
 13588 | Lair:4   | 13588 ||| SWAPPING to +2 heavy longbow.
 13589 | Lair:4   | 13589 ||| DROPPING +7 orcbow "Giant's Curse" {flame, SInv}.
 13590 | Lair:4   | 13590 ||| READING 3 scrolls of enchant weapon.
 13590 | Lair:4   | 13590 ||| ENCHANTING +2 heavy longbow.
 13591 | Lair:4   | 13591 ||| READING 2 scrolls of enchant weapon.
 13591 | Lair:4   | 13591 ||| ENCHANTING +3 heavy longbow.
 13592 | Lair:4   | 13592 ||| READING scroll of enchant weapon.
 13592 | Lair:4   | 13592 ||| ENCHANTING +4 heavy longbow.
 13593 | Lair:4   | 13593 ||| UPGRADING to ring of see invisible.
 13607 | Lair:5   | Entered Level 5 of the Lair of Beasts
 13639 | Lair:5   | 13639 ||| INVOKING Heroism.
 13716 | Lair:5   | Found a staircase to the Slime Pits.
 13785 | Lair:5   | 13785 ||| INVOKING Heroism.
 13973 | Lair:5   | 13973 ||| INVOKING Heroism.
 13986 | Lair:5   | Found a runed translucent gate.
 13986 | Lair:5   | Found a runed translucent gate.
 13986 | Lair:5   | Noticed an azure jelly
 13987 | Lair:5   | Found a runed translucent gate.
 13987 | Lair:5   | Noticed a rockslime
 13991 | Lair:5   | Noticed an azure jelly
 13991 | Lair:5   | Noticed an acid blob
 13991 | Lair:5   | Noticed qw's ghost (journeyman NaHu)
 13991 | Lair:5   | Noticed an acid blob
 13992 | Lair:5   | Noticed an acid blob
 13992 | Lair:5   | Noticed an azure jelly
 13992 | Lair:5   | Noticed a rockslime
 13992 | Lair:5   | Noticed an acid blob
 13993 | Lair:5   | Noticed an acid blob
 14024 | Lair:5   | Reached skill level 16 in Ranged Weapons
 14103 | Lair:5   | 14103 ||| INVOKING Heroism.
 14139 | Lair:5   | 14139 ||| INVOKING Heroism.
 14173 | Lair:5   | 14173 ||| INVOKING Heroism.
 14190 | Lair:5   | Identified the +0 chain mail "Ycoq" {-Tele rElec rPois rN+}
                  | (Okawaru gifted it to you on level 5 of the Lair of Beasts)
 14190 | Lair:5   | Received a gift from Okawaru
 14194 | Lair:5   | Gained mutation: Your large and strong wings let you fly.
                  | [Gargoyle growth]
 14194 | Lair:5   | Reached XP level 14. HP: 54/92 MP: 21/21
 14233 | Lair:5   | 14233 ||| INVOKING Heroism.
 14389 | Lair:5   | Reached skill level 17 in Ranged Weapons
 14411 | Lair:5   | Found a corrupted altar of Lugonu.
 14416 | Lair:5   | 14416 ||| INVOKING Heroism.
 14423 | Lair:5   | HP: 18/92 [burnt (8)]
 14424 | Lair:5   | 14424 ||| READING 4 scrolls of teleportation.
 14424 | Lair:5   | HP: 8/92 [thrashing horror (8)]
 14425 | Lair:5   | 14425 ||| DRINKING 3 potions of heal wounds.
 14426 | Lair:5   | 14426 ||| DRINKING 2 potions of heal wounds.
 14429 | Lair:5   | 14429 ||| FLEEEEING.
 14430 | Lair:5   | 14430 ||| FLEEEEING.
 14432 | Lair:5   | 14432 ||| FLEEEEING.
 14764 | Lair:5   | Found a one-way gate to the infinite horrors of the Abyss.
 14928 | Lair:5   | Found a viscous altar of Jiyva.
 15037 | Lair:5   | 15037 ||| PLANNING D:1-11
 15037 | Lair:5   | 15037 ||| READING 4 scrolls of identify.
 15037 | Lair:5   | 15037 ||| IDENTIFYING yellow potion
 15162 | D:10     | Entered Level 10 of the Dungeon
 15166 | D:10     | 15166 ||| STAIRDANCE
 15816 | D:10     | Noticed Fannar
 15827 | D:10     | Killed Fannar
 15828 | D:10     | Reached skill level 18 in Ranged Weapons
 15982 | D:10     | Noticed Harold
 15985 | D:10     | 15985 ||| FLEEEEING.
 15986 | D:10     | 15986 ||| FLEEEEING.
 15987 | D:10     | 15987 ||| FLEEEEING.
 15988 | D:10     | 15988 ||| FLEEEEING.
 15989 | D:10     | 15989 ||| FLEEEEING.
 15990 | D:10     | 15990 ||| FLEEEEING.
 15991 | D:10     | 15991 ||| FLEEEEING.
 15992 | D:10     | 15992 ||| FLEEEEING.
 15993 | D:10     | 15993 ||| FLEEEEING.
 15994 | D:10     | 15994 ||| FLEEEEING.
 16000 | D:10     | 16000 ||| FLEEEEING.
 16001 | D:10     | 16001 ||| FLEEEEING.
 16002 | D:10     | 16002 ||| FLEEEEING.
 16003 | D:10     | 16003 ||| FLEEEEING.
 16004 | D:10     | 16004 ||| FLEEEEING.
 16005 | D:10     | 16005 ||| FLEEEEING.
 16006 | D:10     | 16006 ||| FLEEEEING.
 16007 | D:10     | 16007 ||| FLEEEEING.
 16008 | D:10     | 16008 ||| FLEEEEING.
 16009 | D:10     | 16009 ||| FLEEEEING.
 16010 | D:10     | 16010 ||| FLEEEEING.
 16011 | D:10     | 16011 ||| FLEEEEING.
 16014 | D:10     | 16014 ||| FLEEEEING.
 16015 | D:10     | 16015 ||| FLEEEEING.
 16016 | D:10     | 16016 ||| FLEEEEING.
 16017 | D:10     | 16017 ||| FLEEEEING.
 16018 | D:10     | 16018 ||| FLEEEEING.
 16019 | D:10     | 16019 ||| FLEEEEING.
 16028 | D:10     | 16028 ||| FLEEEEING.
 16029 | D:10     | 16029 ||| FLEEEEING.
 16030 | D:10     | 16030 ||| FLEEEEING.
 16031 | D:10     | 16031 ||| FLEEEEING.
 16039 | D:10     | Killed Harold
 16138 | D:10     | 16138 ||| READING 3 scrolls of identify.
 16138 | D:10     | 16138 ||| IDENTIFYING coppery potion
 16139 | D:10     | 16139 ||| DROPPING potion of invisibility.
 16224 | D:11     | 16224 ||| INVOKING Heroism.
 16672 | D:11     | 16672 ||| PLANNING D
 16691 | D:12     | Found a portal to a secret trove of treasure.
 16706 | D:12     | Found the amulet of Elemental Vulnerability {rPois rF--
                  | rC-- AC+8}
 16899 | D:12     | Found a transporter.
 16901 | D:12     | 16901 ||| INVOKING Heroism.
 16913 | D:12     | Found a transporter.
 16913 | D:12     | Noticed squishfish's ghost (journeyman TrMo)
 17009 | D:12     | Found a shadowy altar of Dithmenos.
 17186 | D:12     | Found a staircase to the Orcish Mines.
 17212 | D:12     | Identified the +7 triple sword of Famine {antimagic, rElec
                  | Str+2}
 17362 | D:12     | 17362 ||| UPGRADING to +1 pair of boots.
 17392 | D:13     | 17392 ||| PLANNING GAUNTLET
 17416 | D:13     | Found a gate to the Vaults.
 17417 | D:13     | 17417 ||| Stepping ~*~*~tactically~*~*~ (outnumbered).
 17424 | D:13     | 17424 ||| Stepping ~*~*~tactically~*~*~ (outnumbered).
 17429 | D:13     | Reached skill level 6 in Armour
 17429 | D:13     | 17429 ||| INVOKING Heroism.
 17435 | D:13     | HP: 15/92 [vault guard/+0 great sword (13)]
 17436 | D:13     | 17436 ||| READING 3 scrolls of teleportation.
 17436 | D:13     | Slain by a vault guard

Levels and vault maps discovered:
D:1:      lightli_arrival_statue_moat, layout_basic
D:2:      layout_basic, serial_bayou_lagoon_b
D:3:      layout_loops_ring, marbit_many_paths, yredelemnul_altar_generic,
          serial_shops, shop, shapermc_ecumenical_altar_acropolis,
          kennysheep_decorative_pillar, minmay_misc_feat_doors,
          kennysheep_jessica_study, uniq_natasha, uniq_grinder
D:4:      layout_cave_pods, lemuel_doored_altar, nemelex_diamond_rough_becter,
          minmay_checkerbox, uniq_menkaure, uniq_sigmund, uniq_ijyb
D:5:      layout_basic, minmay_temple_entry_glassed_door,
          gammafunk_ghost_necromancy, uniq_prince_ribbit1
D:6:      layout_cave_pools, mainiacjoe_overflow_concentric_impassable,
          grunt_ministairs_8, minmay_misc_feat_iff, hangedman_decor_riveting,
          nicolae_underground_beach, uniq_eustachio
D:7:      layout_basic, xom_shifter_show
D:8:      layout_rooms, tso_oasis_becter, ebering_ghost_gozag, serial_rivers,
          chequers_serial_rivers_small_b, chequers_serial_rivers_micro_e,
          chequers_serial_rivers_small_3, chequers_serial_rivers_marsh,
          chequers_serial_rivers_small_b, chequers_serial_rivers_micro_c,
          minmay_small_thing, uniq_joseph, uniq_erica, uniq_maurice
D:9:      layout_rooms, tgw_kikubaaqudgha, minmay_lair_entry_grove,
          enter_bailey_5, serial_bayou_ford_a, guppyfry_shop_venom, uniq_maggie,
          uniq_gastronok
D:10:     layout_basic, special_room [special_room_orc], uniq_harold,
          uniq_fannar
D:11:     layout_cave_pools
D:12:     layout_irregular_city, hiddenorc1_lemuel, gammafunk_ghost_arena,
          nicolae_trove_entry_crossroad, nicolae_dithmenos_the_darkroom
D:13:     layout_basic, lightli_vaults_fourway_checkpoint, serial_shops,
          nicolae_shop_getting_attention, gauntlet_entry_generic
Temple:   eino_narrow_crystal_temple
Lair:1:   layout_roguey
Lair:2:   layout_gridlike, minmay_swamp_entry_reptiles,
          nicolae_snake_entry_squirm, wad_woods_road_03, grunt_megastairs_2,
          lemuel_fruit_tree
Lair:3:   layout_concentric_octagons
Lair:4:   layout_cave_pods, guppyfry_lair_drakes, infiniplex_staircase_pool_2,
          serial_bayou_shore_b
Lair:5:   hellmonk_lair_end_abyssal_woods, layout_cave_shapes, slime_entry_1,
          gammafunk_ghost_ooze, serial_rivers, chequers_serial_rivers_small_a,
          chequers_serial_rivers_room_b, chequers_serial_rivers_micro_e,
          chequers_serial_rivers_room_b

Skill      XL: |  1  2  3  4  5  6  7  8  9 10 11 12 13 14 |
---------------+-------------------------------------------+-----
Ranged Weapons | 3 5 6 8 9 11 13 14 16 18 | 18.3
Fighting       | 2 3 4 5 7 8 10 11 12 | 12.0
Armour         | 1 3 4 5 6 |  6.0
Dodging        | 3 4 5 7 8 |  8.0
Invocations    | 2 4 5 10 | 10.1
Spellcasting   | |  1.0
Hexes          | |  2.6

Action                     |  1- 3 |  4- 6 |  7- 9 | 10-12 | 13-15 || total
---------------------------+-------+-------+-------+-------+-------++-------
   Fire: Sling             |    75 |    70 |   322 |   851 |   100 ||  1418
         Longbow           |       |       |       |       |   362 ||   362
         Orcbow            |       |       |       |       |    83 ||    83
 Invoke: Heroism           |       |       |     8 |    31 |    14 ||    53
         Finesse           |       |       |       |       |     1 ||     1
    Use: Scroll            |     8 |     5 |     5 |     5 |     8 ||    31
         Potion            |       |     2 |     2 |     8 |     2 ||    14
 Armour: Ring mail         |     8 |    11 |     4 |       |       ||    23
         Robe              |       |       |    31 |    54 |       ||    85
         Steam dragon scal |       |       |       |    79 |   129 ||   208
  Dodge: Dodged            |    18 |     8 |    57 |   312 |   303 ||   698

Table legend:
 A = Non-vault XP
 B = Vault XP
 C = Vault XP percentage of total XP
 D = Non-vault monster count
 E = Vault monster count
 F = Vault count percentage of total count
                 A         B        C        D         E       F
            +---------+---------+-------+---------+---------+-------
      Total |   53146 |   26067 |  32.9 |     335 |     139 |  29.3
            +---------+---------+-------+---------+---------+-------
        D:1 |      23 |       0 |   0.0 |      15 |       0 |   0.0
        D:2 |      81 |       0 |   0.0 |      27 |       0 |   0.0
        D:3 |      43 |     320 |  88.2 |      14 |       5 |  26.3
        D:4 |     364 |     466 |  56.1 |      12 |       7 |  36.8
        D:5 |     626 |     259 |  29.3 |      24 |       1 |   4.0
        D:6 |     827 |     245 |  22.9 |      17 |       3 |  15.0
        D:7 |    1980 |       0 |   0.0 |      35 |       0 |   0.0
        D:8 |     976 |    3697 |  79.1 |      16 |      13 |  44.8
        D:9 |    3522 |    2452 |  41.0 |      23 |      10 |  30.3
       D:10 |    3306 |    2143 |  39.3 |      14 |      27 |  65.9
       D:11 |    4400 |       0 |   0.0 |      17 |       0 |   0.0
       D:12 |    3811 |     216 |   5.4 |       8 |      17 |  68.0
       D:13 |     824 |    1476 |  64.2 |       1 |       2 |  66.7
     Lair:1 |    7213 |    1295 |  15.2 |      34 |       4 |  10.5
     Lair:2 |    4382 |    1006 |  18.7 |      14 |       7 |  33.3
     Lair:3 |    9478 |       0 |   0.0 |      28 |       0 |   0.0
     Lair:4 |    3174 |     868 |  21.5 |      13 |       4 |  23.5
     Lair:5 |    8116 |   11624 |  58.9 |      23 |      39 |  62.9
            +---------+---------+-------+---------+---------+-------
